 Dungeon Sprint DCSS version 0.28-a0-1518-gbe868bca14 (webtiles) character file.

Game seed: 2847687396316734813

15088 mhtbhm the Bludgeoner (level 12, -2/90 HPs)
             Began as a Gargoyle Fighter on Jan 16, 2022.
             Was an Initiate of Gozag.
             Slain by a frost giant (6 damage)
             ... while paralysed by a great orb of eyes
             ... in the Dungeon (Sprint VII: "The Pits").
             The game lasted 00:08:35 (3619 turns).

mhtbhm the Bludgeoner (Gargoyle Fighter)            Turns: 3619, Time: 00:08:35

Health: -2/90      AC: 35    Str: 24    XL:     12   Next: 23%
Magic:  12/12      EV:  2    Int: 10    God:    Gozag
Gold:   5549       SH:  0    Dex:  9    Spells: 11/11 levels left

rFire   + . .      SeeInvis .   a - +5 morningstar (freeze)
rCold   + . .      Faith    .   c - +0 buckler
rNeg    + + .      Spirit   .   b - +4 chain mail {rPois}
rPois   ∞          Reflect  +   s - +0 helmet
rElec   +          Harm     .   n - +1 cloak
rCorr   +          Rampage  .   r - +0 pair of gloves
Will    .....      NoTele   +   (no boots)
Stlth   ..........              y - amulet of reflection
HPRegen 0.25/turn               x - ring of positive energy
MPRegen 0.13/turn               q - +3 ring of protection

@: paralysed, brilliant, resistant, on berserk cooldown, mesmerised, hasted and
slowed, invisible
A: sickness immunity, AC +8, negative energy resistance 1, electricity
resistance, torment resistance 1, petrification resistance
a: Renounce Religion, Potion Petition, Call Merchant, Bribe Branch


You were in the Dungeon.
You worshipped Gozag.
Gozag was greatly pleased with you.
You visited 1 branch You collected 6712 gold pieces.
You paid 1163 gold pieces to Gozag.

Inventory:

Hand Weapons
 a - a +5 morningstar of freezing (weapon)
Armour
 b - a +4 chain mail of poison resistance (worn)
 c - a +0 buckler (worn)
 n - a +1 cloak (worn)
 r - a +0 pair of gloves (worn)
 s - a +0 helmet (worn)
Jewellery
 q - a +3 ring of protection (right hand)
 x - a ring of positive energy (left hand)
 y - an amulet of reflection (around neck)
 A - a ring of fire
Scrolls
 j - 3 scrolls of blinking
 l - 5 scrolls of amnesia
 m - a scroll of summoning
 t - 4 scrolls of enchant armour
 u - 2 scrolls of enchant weapon
 v - 2 scrolls of fear
 z - a scroll of identify
Potions
 d - 3 potions of might
 e - 12 potions of curing
 f - 4 potions of heal wounds
 g - 2 potions of haste
 h - 4 potions of magic
 i - 3 potions of berserk rage
 k - 2 potions of invisibility
 p - 5 potions of brilliance
 w - 3 potions of mutation


   Skills:
 + Level 16.7 Fighting
 + Level 18.9 Maces & Flails
 + Level 15.5 Armour
 + Level 6.0 Dodging
 + Level 4.2 Stealth
 + Level 11.8 Shields


You had 11 spell levels left.
You didn't know any spells.
Your spell library was empty.

Dungeon Overview and Level Annotations

Branches:
Dungeon (1/1)

Altars:
Ashenzari
Cheibriados
Dithmenos
Elyvilon
Fedhas
Gozag
Hepliaklqana
Kikubaaqudgha
Makhleb
Nemelex Xobeh
Okawaru
Qazlal
Ru
Sif Muna
Trog
Uskayaw
Vehumet
Wu Jian
Xom
Yredelemnul
Zin
The Shining One
Beogh
Jiyva
Lugonu


Innate Abilities, Weirdness & Mutations

You are immune to sickness and miasma.
Your stone body is resilient. (AC +8)
You are immune to poison.
You resist negative energy. (rN+)
You are resistant to electric shocks. (rElec)
You are resistant to unholy torment.
You are immune to petrification.


Message History

You hit the great orb of eyes. You freeze the great orb of eyes.
The great orb of eyes is almost dead.
The great orb of eyes bites you.
The spriggan air mage hits you but does no damage.
Unknown command.
You bump into the metal wall.
You feel less confused.
The frost giant points at you and mumbles some strange words.
The bolt of cold misses you. The great orb of eyes gazes at you.
You suddenly lose the ability to move!
You are no longer berserk.
You feel yourself slow down.
The fire giant is no longer distracted by gold.
The spriggan air mage hits you but does no damage.
The frost giant hits you with a +1 battleaxe of freezing!!
* * * LOW HITPOINT WARNING * * *
The frost giant freezes you.
* * * LOW HITPOINT WARNING * * *
The great orb of eyes bites you!
* * * LOW HITPOINT WARNING * * *
The merfolk avatar chants a haunting song.
You are mesmerised by the merfolk avatar!
The spriggan air mage hits you but does no damage.
The frost giant hits you but does no damage.
The great orb of eyes gazes at you.
You barely resist.
The spriggan air mage hits you but does no damage.
The frost giant hits you but does no damage.
The great orb of eyes gazes at you. You resist with significant effort.
The spriggan air mage points at you and mumbles some strange words.
The bolt of lightning hits you. You resist.
* * * LOW HITPOINT WARNING * * *
The minotaur throws a silver javelin.
The silver javelin pierces through the frost giant!!
The silver javelin barely misses you.
The frost giant hits you with a +1 battleaxe of freezing.
You die...
Your body crumbles into a pile of gold.

#..#....#..#
+..........#
+..........#
#..#....#..#
#..........+
#..........+ $
###''####''#
###'i####''#########
#.m@G..##...........
#.#C##.##......)....
#.#CH .##..#########
# '[[# ##..# #"}'
#..# #++##########
+:.#. #..#
........##..# ##+#.
#..# .#......##..#
##).# ........''..#
#))#


You could see a frost giant, a fire giant, a merfolk avatar (mesmerising), a
minotaur, a great orb of eyes and a spriggan air mage (repels missiles).

Vanquished Creatures
  2 nagarajas (D)
  2 hydras (D)
  An alligator snapping turtle (D)
  A two-headed ogre (D)
  A flayed ghost (D)
  A phantasmal warrior (D)
  A bog body (D)
  A sea snake (D)
  A cyclops (D)
  A manticore (D)
  A merfolk siren (D)
  A gargoyle (D)
  An unseen horror (D)
  2 molten gargoyles (D)
  A kobold demonologist (D)
  2 rime drakes (D)
  A demonic crawler (D)
  A merfolk (D)
  2 trolls (D)
  A hornet (D)
  7 dream sheep (D)
  A jumping spider (D)
  A flying skull (D)
  2 spriggans (D)
  2 ynoxinuls (D)
  A water elemental (D)
  A wraith (D)
  A wyvern (D)
  2 steam dragons (D)
  A chaos spawn (D)
  A warg (D)
  A large abomination (D)
  A swamp drake (D)
  A water moccasin (D)
  A necrophage (D)
  An ogre (D)
  6 wolves (D)
  A centaur (D)
  9 wights (D)
  Crazy Yiuf (D)
  A hell rat (D)
  A river rat (D)
  An adder (D)
  An ufetubus (D)
  An adder skeleton (D)
  An orc (D)
  An endoplasm (D)
  2 giant cockroaches (D)
  A goblin (D)
  A hobgoblin (D)
  5 jackals (D)
  2 kobolds (D)
  A quokka (D)
  A ball python simulacrum (D)
  2 frilled lizards (D)
  A quokka skeleton (D)
  4 rats (D)
94 creatures vanquished.

Vanquished Creatures (others)
  An eidolon (D)
1 creature vanquished.

Grand Total: 95 creatures vanquished

Notes
Turn   | Place    | Note
-------+----------+-------------------------------------------
     0 | D        | mhtbhm the Gargoyle Fighter began the quest for the Orb.
     0 | D        | Reached XP level 1. HP: 14/14 MP: 1/1
    24 | D        | Found a bloodstained altar of Trog.
    24 | D        | Found a shimmering blue altar of Sif Muna.
    24 | D        | Found a viscous altar of Jiyva.
    24 | D        | Found a hazy altar of Hepliaklqana.
    24 | D        | Found an opulent altar of Gozag.
    25 | D        | Found a glowing golden altar of the Shining One.
    25 | D        | Found a glowing silver altar of Zin.
    25 | D        | Found a basalt altar of Yredelemnul.
    25 | D        | Found a shimmering altar of Xom.
    25 | D        | Found an ornate altar of the Wu Jian Council.
    25 | D        | Found a sacrificial altar of Ru.
    25 | D        | Found a stormy altar of Qazlal.
    25 | D        | Found an iron altar of Okawaru.
    25 | D        | Found a sparkling altar of Nemelex Xobeh.
    25 | D        | Found a burning altar of Makhleb.
    25 | D        | Found a blossoming altar of Fedhas.
    25 | D        | Found a white marble altar of Elyvilon.
    25 | D        | Found a shadowy altar of Dithmenos.
    25 | D        | Found a snail-covered altar of Cheibriados.
    27 | D        | Found a radiant altar of Vehumet.
    27 | D        | Found a corrupted altar of Lugonu.
    28 | D        | Found a hide-covered altar of Uskayaw.
    28 | D        | Found an ancient bone altar of Kikubaaqudgha.
    28 | D        | Found a broken altar of Ashenzari.
    34 | D        | Became a worshipper of Gozag Ym Sagoz the Greedy
   197 | D        | Reached XP level 2. HP: 20/20 MP: 2/2
   277 | D        | Noticed a wight
   295 | D        | Killed a wight
   296 | D        | Reached skill level 5 in Fighting
   296 | D        | Reached skill level 3 in Maces & Flails
   296 | D        | Reached skill level 5 in Armour
   296 | D        | Reached skill level 1 in Dodging
   296 | D        | Reached skill level 5 in Shields
   296 | D        | Reached XP level 3. HP: 16/26 MP: 3/3
   296 | D        | Reached XP level 4. HP: 19/31 MP: 4/4
   429 | D        | Reached skill level 4 in Maces & Flails
   445 | D        | Reached skill level 5 in Maces & Flails
   445 | D        | Reached XP level 5. HP: 31/36 MP: 5/5
   452 | D        | Reached skill level 6 in Maces & Flails
   470 | D        | Reached XP level 6. HP: 28/42 MP: 6/6
   478 | D        | Reached skill level 7 in Maces & Flails
   496 | D        | Reached skill level 8 in Maces & Flails
   598 | D        | Noticed Crazy Yiuf
   604 | D        | Killed Crazy Yiuf
   616 | D        | Noticed a ynoxinul
   622 | D        | Killed a ynoxinul
   623 | D        | Reached skill level 9 in Maces & Flails
   623 | D        | Reached XP level 7. HP: 50/50 MP: 7/7
   740 | D        | Reached skill level 10 in Maces & Flails
   900 | D        | Noticed a steam dragon
   910 | D        | Killed a steam dragon
  1076 | D        | Noticed a wyvern
  1083 | D        | Killed a wyvern
  1084 | D        | Reached skill level 11 in Maces & Flails
  1084 | D        | Reached XP level 8. HP: 55/56 MP: 8/8
  1099 | D        | Noticed a two-headed ogre
  1100 | D        | Noticed a sea snake
  1119 | D        | Killed a sea snake
  1120 | D        | Reached skill level 10 in Fighting
  1120 | D        | Reached skill level 12 in Maces & Flails
  1121 | D        | Killed a two-headed ogre
  1122 | D        | Reached skill level 13 in Maces & Flails
  1122 | D        | Reached XP level 9. HP: 42/64 MP: 9/9
  1378 | D        | Killed an unseen horror
  1379 | D        | Reached skill level 1 in Stealth
  1615 | D        | Noticed a bog body
  1622 | D        | HP: 3/64 [bog body (22)]
  1623 | D        | Killed a bog body
  1624 | D        | Reached skill level 14 in Maces & Flails
  1624 | D        | Reached skill level 10 in Armour
  1925 | D        | Noticed a demonic crawler
  1937 | D        | Noticed a merfolk
  1937 | D        | Killed a demonic crawler
  1943 | D        | Killed a merfolk
  1944 | D        | Reached XP level 10. HP: 29/71 MP: 10/10
  1944 | D        | Noticed an alligator snapping turtle
  1944 | D        | Noticed a molten gargoyle
  1950 | D        | Reached skill level 15 in Maces & Flails
  1963 | D        | Killed an alligator snapping turtle
  1964 | D        | Killed a molten gargoyle
  1972 | D        | Noticed a cyclops
  2044 | D        | Killed a cyclops
  2120 | D        | Reached skill level 16 in Maces & Flails
  2327 | D        | Reached skill level 10 in Shields
  2427 | D        | Noticed a gargoyle
  2449 | D        | Killed a gargoyle
  2450 | D        | Reached XP level 11. HP: 58/78 MP: 11/11
  2612 | D        | Noticed a flayed ghost
  2613 | D        | Noticed a manticore
  2621 | D        | Killed a flayed ghost
  2623 | D        | Reached skill level 17 in Maces & Flails
  2623 | D        | Noticed a phantasmal warrior
  2623 | D        | Noticed a five-headed hydra
  2626 | D        | Killed a manticore
  2627 | D        | Reached skill level 5 in Dodging
  2628 | D        | Noticed a nagaraja
  2632 | D        | Killed a phantasmal warrior
  2637 | D        | Killed a five-headed hydra
  2769 | D        | Killed a nagaraja
  2949 | D        | Found the +4 dagger "Morg" {pain, Will+ Int+5}
  3041 | D        | Reached skill level 15 in Fighting
  3048 | D        | Reached skill level 18 in Maces & Flails
  3082 | D        | Noticed a spriggan rider
  3101 | D        | Killed a spriggan rider
  3102 | D        | Reached skill level 15 in Armour
  3176 | D        | Noticed a nagaraja
  3188 | D        | Killed a nagaraja
  3189 | D        | Reached XP level 12. HP: 84/88 MP: 12/12
  3593 | D        | Noticed an eight-headed hydra
  3593 | D        | Noticed an eidolon
  3593 | D        | Noticed a frost giant
  3593 | D        | Noticed a fire giant
  3593 | D        | Noticed a merfolk avatar
  3593 | D        | Noticed a great orb of eyes
  3593 | D        | Noticed a minotaur
  3593 | D        | Noticed a spriggan air mage
  3602 | D        | Killed an eidolon
  3608 | D        | Killed an eight-headed hydra
  3615 | D        | Paralysed by a great orb of eyes for 7 turns
  3619 | D        | HP: 4/90 [spriggan air mage/bolt of lightning (6)]
  3619 | D        | Slain by a frost giant

Illustrated notes

Levels and vault maps discovered:
D:        pitsprint [storerooms_1, entrance_room_1, metal_vault_6, armoury_1,
          mini_pit_1, grid_room_1, main_hall_1, silver_pit, the_coven_3,
          the_vestibule_1, steel_vault_1, golden_pit, hallway_of_sentries,
          crystal_vault_2, iron_vault_2, final_vault]

Skill      XL: |  1  2  3  4  5  6  7  8  9 10 11 12 |
---------------+-------------------------------------+-----
Shields        | 4 5 6 7 8 9 10 11 | 11.8
Fighting       | 4 5 6 8 9 11 13 16 | 16.7
Armour         | 4 5 6 7 8 9 11 13 15 | 15.5
Maces & Flails | 3 5 6 9 11 13 14 16 18 | 18.9
Dodging        | 1 2 3 4 5 6 |  6.0
Stealth        | 1 2 3 4 |  4.2

Action                   |  1- 3 |  4- 6 |  7- 9 | 10-12 || total
-------------------------+-------+-------+-------+-------++-------
Melee: Mace              |    40 |    86 |       |       ||   126
       Flail             |     5 |       |       |       ||     5
       Morningstar       |       |    16 |    72 |   200 ||   288
Invok: Potion Petition   |       |       |       |     2 ||     2
  Use: Potion            |       |     2 |     2 |     5 ||     9
       Scroll            |       |       |     1 |       ||     1
 Stab: Distracted        |       |       |       |     2 ||     2
Armor: Scale mail        |    23 |       |       |       ||    23
       Chain mail        |     3 |    32 |    52 |   105 ||   192
Dodge: Dodged            |    22 |    35 |    24 |    61 ||   142
Block: Buckler           |    11 |    20 |    13 |    56 ||   100
       Reflection        |       |       |       |     2 ||     2

Table legend: (Time is in decaauts)
 A = Elapsed time spent in this place.
 B = Non-inter-level travel time spent in this place.
 C = Inter-level travel time spent in this place.
 D = Time resting spent in this place.
 E = Time spent auto-exploring this place.
 F = Levels seen in this place.
 G = Mean time per level.
                   A        B        C        D        E       F      G
               +--------+--------+--------+--------+--------+-----+--------+
         Total |   3595 |   3595 |      0 |   2324 |     77 |   1 | 3595.0 |
       Dungeon |   3595 |   3595 |      0 |   2324 |     77 |   1 | 3595.0 |
               +--------+--------+--------+--------+--------+-----+--------+

Top non-repeatable levels by time:
       D: 3595 daAuts
